Map: 카탈리스트 - 래더

Players

PartinG - Winner!

  • Race: Protoss Protoss
  • League: Master
  • Spawn Location: 5:00

FanTaSy

  • Race: Terran Terran
  • League: Diamond
  • Spawn Location: 11:00

Event: HomeStory Cup XVII

VOD

Have the link to the VOD?

Description

Time

  • Played on: June 29, 2018, 11:33 a.m.
  • Length: 10:53

All games in this series

Show
View Real Time Build Order
Export as new Build Order

PartinG Protoss - Winner!

Build Orders: 1 Gate Expand, Blink Stalkers 

Get SALT Encoding   

  12  0:00  Probe  
  13  0:12  Probe  
  14  0:18  Pylon  
  14  0:23  Probe  
  15  0:32  Probe  
  15  0:37  Gateway  
  15  0:40  Probe  
  16  0:46  Assimilator  
  17  0:52  Probe  
  18  1:04  Probe  
  19  1:16  Probe  
  20  1:26  Cybernetics Core  
  20  1:35  Nexus  
  20  1:40  Pylon  
  20  1:46  Assimilator  
  20  1:49  Probe  
  20  1:53  Adept  
  21  2:01  Probe  
  21  2:03  Warp Gate  
  24  2:11  Stalker  
  24  2:13  Probe  
  27  2:25  Probe  
  28  2:35  Twilight Council  
  28  2:37  Probe  
  28  2:39  Stalker  
  28  2:43  Probe  
  31  2:49  Blink, Probe  
  31  2:51  Probe  
  34  3:01  Probe  
  34  3:02  Probe  
  36  3:13  Probe  
  36  3:16  Probe  
  36  3:21  Stalker  
  36  3:25  Probe  
  39  3:28  Probe  
  40  3:37  Probe  
  40  3:38  Robotics Facility  
  40  3:41  Probe  
  40  3:48  Pylon  
  40  3:49  Probe  
  40  3:53  Probe  
  40  3:55  Gateway  
  42  3:58  Gateway  
  42  4:01  Probe  
  43  4:05  Probe  
  43  4:06  Stalker  
  46  4:10  Pylon  
  46  4:14  Probe  
  47  4:17  Probe  
  47  4:20  Pylon  
  48  4:24  Gateway  
  48  4:26  Observer  
  48  4:29  Gateway  
  49  4:31  Stalker  
  49  4:34  Assimilator  
  49  4:38  Probe x2  
  53  4:40  Assimilator  
  53  4:43  Robotics Bay  
  53  4:44  Pylon  
  53  4:53  Probe x2  
  53  4:54  Observer  
  56  5:01  Forge  
  56  5:05  Probe x2, Stalker  
  60  5:08  Stalker  
  61  5:15  Stalker  
  61  5:17  Observer  
  64  5:24  Pylon  
  64  5:27  Disruptor  
  64  5:32  Nexus  
  64  5:37  Stalker  
  64  5:42  Stalker  
  71  5:50  Pylon  
  71  5:54  Protoss Ground Weapons Level 1  
  71  5:55  Disruptor  
  71  5:57  Stalker  
  73  6:05  Gateway x2  
  73  6:08  Gateway  
  73  6:13  Pylon  
  73  6:17  Probe x2  
  73  6:19  Nexus  
  73  6:20  Pylon  
  73  6:21  Warp Prism  
  73  6:22  Gravitic Drive  
  75  6:33  Observer  
  75  6:35  Probe x2  
  77  6:40  Pylon  
  77  6:41  Sentry x2  
  77  6:43  Stalker  
  83  6:51  Probe x2  
  81  6:57  Disruptor  
  81  6:58  Observer  
  84  7:05  Probe  
  84  7:06  Probe  
  86  7:11  Stalker  
  86  7:13  Zealot x4  
  96  7:16  Stalker  
  96  7:21  Probe  
  96  7:22  Probe  
  100  7:28  Protoss Ground Armor Level 1  
  100  7:29  Charge  
  100  7:36  Probe  
  100  7:38  Probe  
  101  7:52  Stalker x6  
  101  7:55  Probe x3  
  116  8:12  Probe x3  
  112  8:26  Immortal  
  112  8:30  Stalker x4  
  112  8:33  Pylon  
  117  8:34  Pylon  
  117  8:40  Templar Archives  
  117  8:41  Assimilator  
  117  8:43  Assimilator  
  117  8:46  Gateway  
  117  8:47  Gateway  
  117  8:48  Nexus  
  117  8:49  Pylon  
  117  8:59  Zealot x5  
  125  9:07  Stalker  
  114  9:23  Zealot x3  
  120  9:24  Zealot x2  
  120  9:26  Immortal  
  120  9:30  Psionic Storm  
  114  9:35  Zealot  
  120  9:46  Forge  
  120  9:47  Zealot x3  
  126  9:53  Stalker x2  
  126  9:55  Stalker  
  132  10:00  Stalker  
  132  10:02  Stalker  
  136  10:07  Probe x3  
  139  10:17  Disruptor  
  142  10:21  Probe  
  142  10:24  Zealot x4  
  151  10:30  Probe  
  138  10:49  Zealot x2  
  138  10:50  Zealot x5  
Show
View Real Time Build Order
Export as new Build Order

FanTaSy Terran 

Build Orders: Gas First Reaper Expand, Reaper Expand, MMM Bio 

Get SALT Encoding   

  12  0:00  SCV  
  13  0:12  SCV  
  14  0:17  Supply Depot  
  14  0:24  SCV  
  15  0:29  Refinery  
  15  0:38  SCV  
  16  0:44  Barracks  
  16  0:50  SCV  
  17  1:03  SCV  
  18  1:15  SCV  
  19  1:31  Orbital Command, Reaper  
  20  1:49  Command Center  
  20  1:55  Factory  
  20  1:59  SCV  
  21  2:06  Barracks Reactor  
  21  2:09  Supply Depot  
  21  2:12  SCV  
  22  2:24  Barracks, SCV  
  23  2:34  Refinery  
  23  2:36  SCV  
  24  2:41  Widow Mine  
  24  2:42  Marine x2  
  28  2:48  SCV  
  28  3:00  Marine x2, SCV  
  31  3:05  Factory Tech Lab  
  30  3:12  SCV  
  30  3:18  Barracks Tech Lab, Marine x2  
  31  3:27  Orbital Command, SCV  
  31  3:36  Siege Tank  
  31  3:39  SCV  
  35  3:43  Marine  
  35  3:44  Marine x2  
  38  3:49  Combat Shields  
  38  3:52  SCV  
  38  3:54  SCV  
  40  4:02  Supply Depot  
  40  4:04  SCV  
  40  4:06  SCV  
  40  4:09  Marine x3  
  45  4:19  SCV  
  45  4:23  Supply Depot  
  45  4:24  Siege Tank, SCV  
  50  4:27  Engineering Bay  
  50  4:29  Marine x2  
  50  4:30  Marine  
  53  4:32  SCV  
  54  4:44  SCV x2  
  54  4:45  Bunker, Supply Depot  
  56  4:48  Marine x2  
  56  4:49  Marine  
  59  4:55  Supply Depot  
  59  4:56  SCV x2  
  59  4:59  Missile Turret  
  61  5:06  Marine x2  
  63  5:07  Marine  
  63  5:08  SCV, Siege Tank  
  63  5:12  SCV  
  63  5:14  Stimpack  
  69  5:24  Starport, Terran Infantry Weapons Level 1  
  69  5:26  SCV  
  69  5:27  SCV  
  69  5:28  Refinery  
  71  5:30  Marine x3  
  73  5:38  SCV  
  73  5:42  Supply Depot, Barracks  
  74  5:46  SCV  
  74  5:47  Siege Tank  
  78  5:51  SCV  
  78  5:54  Marine  
  78  6:03  Marine x2  
  78  6:04  SCV x2  
  82  6:06  Supply Depot  
  81  6:12  Starport Reactor  
  81  6:14  Command Center  
  81  6:18  SCV x2  
  83  6:20  Marauder  
  83  6:21  Marine  
  84  6:30  SCV x2  
  86  6:34  Refinery  
  86  6:35  Supply Depot  
  86  6:36  Supply Depot  
  86  6:38  Factory Reactor  
  86  6:39  Orbital Command  
  88  6:40  Marauder, Concussive Shells  
  88  6:41  Marine  
  88  6:42  Marauder  
  88  6:45  SCV  
  88  6:46  SCV  
  92  6:54  Supply Depot  
  92  6:56  Supply Depot  
  92  7:03  Barracks  
  92  7:05  Barracks  
  92  7:06  Marine x2, Marauder x2  
  98  7:11  Medivac  
  98  7:12  Medivac  
  98  7:15  SCV x2  
  104  7:19  Terran Infantry Armor Level 1  
  104  7:28  Orbital Command, Marauder x2  
  108  7:33  SCV x2  
  100  7:43  Missile Turret  
  100  7:44  Medivac x2  
  103  7:48  SCV  
  95  7:54  Marine, Marauder x2  
  95  7:58  Barracks Tech Lab  
  100  7:59  Marine  
  100  8:01  SCV  
  101  8:06  SCV  
  95  8:15  Marauder x2  
  95  8:16  Orbital Command, Barracks Reactor, Marine x2  
  95  8:19  SCV  
  99  8:20  SCV  
  94  8:31  Marine  
  94  8:33  SCV  
  82  8:34  Marauder  
  82  8:35  SCV  
  82  8:37  Marauder x2  
  90  8:41  SCV  
  90  8:44  Widow Mine x2  
  90  8:45  Medivac  
  96  8:50  Medivac  
  96  8:52  SCV x2  
  96  8:53  SCV  
  101  8:57  Marauder, Marine x2  
  101  8:58  Marine, Marauder x2  
  101  9:02  Marine  
  101  9:05  SCV x2  
  93  9:15  Marine x3  
  93  9:16  Widow Mine  
  92  9:17  Widow Mine  
  92  9:18  Medivac  
  92  9:19  Marauder x2  
  92  9:20  Marauder, Marine  
  92  9:21  Medivac  
  96  9:28  SCV x2  
  87  9:37  Marine x3  
  87  9:38  Marine  
  90  9:40  Marauder  
  90  9:41  Marauder x2  
  95  9:52  Widow Mine x2  
  98  9:54  Medivac x2  
  98  9:55  Marine x4, SCV  
  98  9:59  SCV  
  108  10:00  Orbital Command  
  108  10:08  Marauder x2  
  108  10:10  Marauder  
  108  10:14  Marine x2  
  108  10:16  Marine  
  108  10:17  Marine  
  108  10:20  SCV  
  113  10:23  SCV  
Tags
 
Add a new tag
Caveats
  • Supply blocks, unpowered buildings, or Contaminate may cause inaccurate times.
  • Supply counts are checked every 10 seconds.